 Dungeon Crawl Stone Soup version 0.27-a0-1137-g3ef0f4ec91 (webtiles) character file.

Game seed: 136539969076361757

3269 leviel the Carver (level 9, -9/82 HPs)
             Began as a Minotaur Fighter on May 6, 2021.
             Mangled by an eight-headed hydra (11 damage)
             ... on level 7 of the Dungeon.
             The game lasted 00:13:23 (10122 turns).

leviel the Carver (Minotaur Fighter)               Turns: 10122, Time: 00:13:23

Health: -9/82      AC: 11    Str: 21    XL:     9   Next: 68%
Magic:  8/8        EV: 10    Int:  5    God:
Gold:   500        SH: 16    Dex: 13    Spells: 8/8 levels left

rFire    . . .     SeeInvis .   n - +3 long sword
rCold    . . .     Faith    .   c - +0 kite shield
rNeg     . . .     Spirit   .   b - +0 scale mail
rPois    .         Reflect  +   (helmet restricted)
rElec    .         Harm     .   k - +0 cloak
rCorr    .         Rampage  .   a - +0 pair of gloves
Will     .....                  (no boots)
Stlth    ..........             o - amulet of reflection
HPRegen  0.23/turn              m - ring of flight
MPRegen  0.11/turn              (no ring)

@: mighty, flying
A: horns 2, retaliatory headbutt
a: no special abilities


You were on level 7 of the Dungeon.
You visited 2 branches of the dungeon, and saw 10 of its levels.

You collected 500 gold pieces.

Inventory:

Hand Weapons
 n - a +3 long sword (weapon)
Missiles
 u - a curare-tipped dart
Armour
 a - a +0 pair of gloves (worn)
 b - a +0 scale mail (worn)
 c - a +0 kite shield (worn)
 k - a +0 cloak (worn)
Jewellery
 g - a ring of fire
 m - a ring of flight (left hand)
 o - an amulet of reflection (around neck)
 t - a ring of protection from fire
 v - a ring of willpower
Wands
 q - a wand of iceblast (2) (quivered)
Scrolls
 e - a scroll of teleportation
 h - a scroll of blinking
 i - 6 scrolls of identify
 s - a scroll of fog
Potions
 d - 3 potions of flight {unknown}
 j - 2 potions of cancellation
 p - a potion of curing
 r - a potion of berserk rage


   Skills:
 * Level 8.4 Fighting
 + Level 9.0 Long Blades
 + Level 8.4 Armour
 + Level 4.2 Dodging
 + Level 1.2 Stealth
 + Level 7.6 Shields
 * Level 1.8 Evocations


You had 8 spell levels left.
You didn't know any spells.
Your spell library contained the following spells:

 Spells                   Type           Power      Damage    Failure   Level
 Animate Armour           Summ/Erth      0%         N/A       100%        4
 Leda's Liquefaction      Hex/Erth       0%         N/A       100%        4
 Bolt of Magma            Conj/Fire/Erth 0%         4d4       100%        5
 Iron Shot                Conj/Erth      0%         9d1       100%        6
 Statue Form              Tmut/Erth      0%         N/A       100%        6
 Shatter                  Erth           0%         3d5*      100%        9


Dungeon Overview and Level Annotations

Branches:
Dungeon (9/15)             Temple (1/1) D:6            Lair (0/6) D:8
    Orc: D:9-12

Altars:
Ashenzari
Cheibriados
Dithmenos
Elyvilon
Fedhas
Gozag
Hepliaklqana
Kikubaaqudgha
Makhleb
Nemelex Xobeh
Okawaru
Ru
Sif Muna
Trog
Uskayaw
Vehumet
Wu Jian
Xom
Yredelemnul
Zin
The Shining One
Jiyva

Annotations:
D:8 3 runed translucent doors, cobaltphoenix's ghost, novice MiBe


Innate Abilities, Weirdness & Mutations

You have a pair of horns on your head.
You reflexively headbutt those who attack you in melee.


Message History

The kobold closely misses you. The bullfrog hits you.
The five-headed hydra bites you!
You block the five-headed hydra's attack.
The five-headed hydra bites you but does no damage.
The five-headed hydra closely misses you. x2
You chop one of the five-headed hydra's heads off!
The four-headed hydra grows two more!
You slice the six-headed hydra!!
The six-headed hydra is moderately wounded.
You block the kobold's attack.
The bullfrog hits you but does no damage.
The six-headed hydra barely misses you. x3
You block the six-headed hydra's attack. x2
The six-headed hydra bites you.
You lop one of the six-headed hydra's heads off!
The five-headed hydra grows two more!
You slash the seven-headed hydra! You headbutt the seven-headed hydra!!
The seven-headed hydra is severely wounded.
The bullfrog hits you but does no damage.
The kobold barely misses you. You block the bullfrog's attack.
You block the seven-headed hydra's attack. x2
The seven-headed hydra bites you. x2
The seven-headed hydra bites you but does no damage.
The seven-headed hydra bites you! The seven-headed hydra bites you.
* * * LOW HITPOINT WARNING * * *
The kobold barely misses you.
You chop one of the seven-headed hydra's heads off!
The six-headed hydra grows two more!
You slash the eight-headed hydra! You headbutt the eight-headed hydra!!
The eight-headed hydra is almost dead.
You block the bullfrog's attack.
You block the eight-headed hydra's attack.
The eight-headed hydra bites you but does no damage. x2
You block the eight-headed hydra's attack.
The eight-headed hydra bites you but does no damage.
The eight-headed hydra bites you!
* * * LOW HITPOINT WARNING * * *
The eight-headed hydra bites you!
* * * LOW HITPOINT WARNING * * *
The eight-headed hydra bites you!
You die...

# .# ####
.### ....
....
###..###..#
##....K....#
......D@#
##.#....F..#
#..######
#.. #. #. #


You could see an eight-headed hydra, a bullfrog and a kobold.

Vanquished Creatures
  Grinder (D:5)
  Sigmund (D:5)
  A wyvern (D:9)
  A steam dragon (D:6)
  Edmund (D:5)
  A water moccasin (D:6)
  A black bear (D:8)
  3 orc warriors (D:9)
  2 ogres
  2 centaurs
  A necrophage (D:9)
  A kobold brigand (D:9)
  A bullfrog (D:8)
  A gnoll sergeant (D:5)
  2 scorpions
  3 wyvern skeletons (D:6)
  A water moccasin skeleton (D:4)
  5 wights (D:9)
  2 howler monkeys
  A centaur zombie (D:9)
  A hound (D:6)
  3 jellies
  2 gnoll shamans
  3 iguanas
  Ijyb (D:3)
  Natasha (D:4)
  2 orc wizards (D:9)
  A scorpion zombie (D:5)
  2 mummies (D:9)
  2 howler monkey zombies
  6 adders
  14 gnolls
  An adder skeleton (D:4)
  2 worms
  5 dart slugs
  12 orcs
  14 endoplasms
  4 giant cockroaches
  7 goblins
  5 hobgoblins
  10 jackals
  16 kobolds
  2 quokkas
  4 ball pythons
  4 bats
  4 frilled lizards
  5 rats
165 creatures vanquished.

Vanquished Creatures (others)
  A bullfrog (D:6)
  8 fungi (D:4)
  8 plants (D:5)
  6 toadstools (D:4)
23 creatures vanquished.

Grand Total: 188 creatures vanquished

Notes
Turn   | Place    | Note
-------+----------+-------------------------------------------
     0 | D:1      | leviel the Minotaur Fighter began the quest for the Orb.
     0 | D:1      | Reached XP level 1. HP: 19/19 MP: 0/0
   223 | D:1      | Reached XP level 2. HP: 25/27 MP: 1/1
   584 | D:1      | Found a faded altar of an unknown god.
   852 | D:2      | Reached XP level 3. HP: 9/33 MP: 2/2
  2390 | D:3      | Reached skill level 5 in Armour
  2390 | D:3      | Reached XP level 4. HP: 36/40 MP: 3/3
  2825 | D:3      | Noticed Ijyb
  2845 | D:3      | Killed Ijyb
  2846 | D:3      | Reached skill level 3 in Long Blades
  2846 | D:3      | HP: 2/41 [kobold/+0 short sword (3)]
  3507 | D:4      | Reached XP level 5. HP: 47/47 MP: 4/4
  3561 | D:4      | Reached skill level 4 in Long Blades
  3862 | D:4      | Noticed an ogre
  3873 | D:4      | Killed an ogre
  3874 | D:4      | Reached XP level 6. HP: 30/55 MP: 5/5
  4218 | D:4      | Reached skill level 5 in Fighting
  4231 | D:4      | Reached skill level 5 in Long Blades
  4765 | D:4      | Reached skill level 1 in Dodging
  4979 | D:4      | Noticed Natasha
  4988 | D:4      | Killed Natasha
  5521 | D:5      | Entered Level 5 of the Dungeon
  5532 | D:5      | Noticed Sigmund
  5561 | D:5      | Killed Sigmund
  5562 | D:5      | Reached skill level 5 in Shields
  5562 | D:5      | Reached XP level 7. HP: 61/61 MP: 6/6
  5690 | D:5      | Noticed Grinder
  5694 | D:5      | Reached skill level 6 in Long Blades
  6111 | D:5      | Paralysed by Grinder for 3 turns
  6125 | D:5      | Paralysed by Grinder for 6 turns
  6143 | D:5      | Paralysed by Grinder for 2 turns
  6145 | D:5      | Killed Grinder
  6146 | D:5      | Reached XP level 8. HP: 14/71 MP: 7/7
  6654 | D:5      | Noticed Edmund
  6689 | D:5      | Killed Edmund
  6813 | D:6      | Reached skill level 7 in Long Blades
  7589 | D:6      | Found a staircase to the Ecumenical Temple.
  7620 | Temple   | Entered the Ecumenical Temple
  8494 | D:6      | Reached skill level 8 in Long Blades
  8494 | D:6      | Reached XP level 9. HP: 79/79 MP: 8/8
  8507 | D:6      | You are sucked into a shaft and drop 3 floors!
  8858 | D:9      | Reached skill level 1 in Stealth
  9172 | D:9      | Identified the +8 short sword of Obyd {venom, rN+}
  9187 | D:9      | Identified the +7 war axe of Greed {antimagic, *Rage rN+
                  | Dex+3}
  9401 | D:9      | Reached skill level 1 in Evocations
  9960 | D:8      | Found a runed translucent gate.
  9960 | D:8      | Found a runed translucent gate.
  9960 | D:8      | Found a runed translucent gate.
  9965 | D:8      | Noticed cobaltphoenix's ghost (novice MiBe)
  9967 | D:8      | Found a viscous altar of Jiyva.
  9977 | D:8      | Found a staircase to the Lair.
  9996 | D:8      | Reached skill level 9 in Long Blades
  9997 | D:8      | Noticed a four-headed hydra
 10122 | D:7      | HP: 2/82 [eight-headed hydra (13)]
 10122 | D:7      | Mangled by an eight-headed hydra

Illustrated notes

Levels and vault maps discovered:
D:1:      scummos_arrival_gate, layout_basic,
          shapermc_ecumenical_altar_mp_urbaneastern
D:2:      layout_loops_ring, minmay_puff
D:3:      layout_loops_ring, uniq_ijyb
D:4:      cheibrodos_fertilizer, layout_basic, uniq_natasha
D:5:      layout_basic, kennysheep_mini_moat, enter_ossuary_3,
          kennysheep_another_room, serial_bayou_pond_a, uniq_sigmund,
          uniq_grinder, uniq_edmund
D:6:      layout_basic, minmay_temple_entry_waves, hangedman_decor_lopped,
          amcnicky_mini_pool_small, bh_walls_and_bars, uniq_duvessa
D:7:      layout_basic, nicolae_water_bricks, uniq_pikel
D:8:      layout_cave_pools, lair_entry_dummy, gammafunk_ghost_endoplasm
D:9:      layout_small_grid, serial_undead, serial_undead_a, serial_undead_c,
          serial_undead_d, serial_undead_f
Temple:   nicolae_temple_the_god_donut

Skill      XL: |  1  2  3  4  5  6  7  8  9 |
---------------+----------------------------+-----
Armour         | 4 5 6 7 8 |  8.4
Shields        | 4 5 6 7 |  7.6
Fighting       | 4 5 6 7 8 |  8.4
Long Blades    | 3 4 5 6 8 9 |  9.0
Dodging        | 1 2 3 4 |  4.2
Stealth        | 1 |  1.2
Evocations     | 1 |  1.8

Action                   |  1- 3 |  4- 6 |  7- 9 || total
-------------------------+-------+-------+-------++-------
Melee: Long sword        |    92 |   163 |   275 ||   530
       Headbutt          |    14 |    30 |    68 ||   112
Evoke: Wand              |       |     1 |     3 ||     4
  Use: Scroll            |     7 |     1 |     2 ||    10
       Potion            |       |     8 |     3 ||    11
Armor: Scale mail        |    53 |    55 |    84 ||   192
       Skin              |       |    14 |    16 ||    30
Dodge: Dodged            |    30 |    51 |    88 ||   169
Block: Kite shield       |    50 |    85 |   242 ||   377
       Reflection        |       |       |    13 ||    13
       Rpst.: Long sword |     9 |    15 |    24 ||    48

Table legend: (Time is in decaauts)
 A = Elapsed time spent in this place.
 B = Non-inter-level travel time spent in this place.
 C = Inter-level travel time spent in this place.
 D = Time resting spent in this place.
 E = Time spent auto-exploring this place.
 F = Levels seen in this place.
 G = Mean time per level.
                   A        B        C        D        E       F      G
               +--------+--------+--------+--------+--------+-----+--------+
         Total |  10293 |   9991 |    302 |   3078 |   5284 |  10 | 1029.3 |
       Dungeon |   9632 |   9371 |    261 |   3078 |   4695 |   9 | 1070.2 |
        Temple |    660 |    619 |     41 |      0 |    589 |   1 |  660.0 |
               +--------+--------+--------+--------+--------+-----+--------+

Top non-repeatable levels by time:
     D:4: 2259 daAuts
     D:2: 1705 daAuts
     D:9: 1461 daAuts
     D:5: 1400 daAuts
     D:3: 1222 daAuts
     D:6: 790 daAuts
  Temple: 660 daAuts
     D:1: 619 daAuts
     D:8: 168 daAuts
     D:7: 5 daAuts
